cohdb
Replays
Latest Replays
All Replays
Popular Replays
Top Player Replays
Match Explorer
How It Works
Community
CoH3 Stats
Reddit
Sign in to upload your games and track your stats! →
Sign in with Steam
Match 37828143
Unlisted
Match 37828143
Overview
Messages
Build Orders
End
Panzergrenadier Squad
250 Light Carrier
Panzergrenadier Squad
Construct Light Support Kompanie
Panzerjäger Squad
MG34 Team
Selects Italian Infantry
Selects Guastatori Squad
2.5-tonne Medical Truck
Guastatori Squad
Fire Support Elements
Pak 38 Mechanized Group
Combat Half-tracks
Construct Panzerarmee Kommand
Selects Defensive Operations
Selects Prepared Positions
Armored Reserves
Tiger Heavy Tank
Seppun
xzh
..................
CPU - VERY EASY
100%eighty
jordstg
一元线性回归
Eredar
0
0
Comments
sign in to comment!
No comments posted yet!